 Dungeon Crawl Stone Soup version 0.28.0-53-g5a82cb258f (webtiles) character file.

Game seed: 13711670302251117781

11392 Zeld the Thaumaturge (level 11, 0/54 HPs)
             Began as a Deep Elf Conjurer on June 20, 2022.
             Was an Initiate of Gozag.
             Shot with an arrow by a centaur warrior (8 damage)
             ... on level 12 of the Dungeon.
             The game lasted 00:21:05 (18656 turns).

Zeld the Thaumaturge (Deep Elf Conjurer)           Turns: 18656, Time: 00:21:06

Health: 0/54       AC: 11    Str:  4    XL:     11   Next: 48%
Magic:  25/31      EV: 15    Int: 28    God:    Gozag
Gold:   224        SH:  0    Dex: 18    Spells: 17/38 levels left

rFire   . . .      SeeInvis +   a - +2 rapier "Roec" {venom, SInv}
rCold   + . .      Faith    .   (no shield)
rNeg    . . .      Spirit   .   k - +2 leather armour of the Lonely Lies {Will+ Dex+3}
rPois   .          Reflect  .   H - +0 helmet
rElec   .          Harm     .   G - +0 cloak
rCorr   .          Rampage  .   m - +2 pair of gloves
Will    ++...                   u - +0 pair of boots
Stlth   ++........              (no amulet)
HPRegen 0.18/turn               (no ring)
MPRegen 0.22/turn               (no ring)

@: gold aura
A: hooves 1, agile 1, cold resistance 1, MP-powered wands
a: Renounce Religion, Potion Petition, Call Merchant, Bribe Branch


You were on level 12 of the Dungeon.
You worshipped Gozag.
Gozag was aware of your devotion.
You visited 2 branches of the dungeon, and saw 13 of its levels.
You also visited: Sewer and Bailey.

You collected 1905 gold pieces.
You spent 955 gold pieces at shops.
You paid 726 gold pieces to Gozag.

Inventory:

Hand Weapons
 a - the +2 rapier "Roec" (weapon) {venom, SInv}
   (You found it on level 6 of the Dungeon)

   It poisons the flesh of those it strikes.
   SInv:      It lets you see invisible.
Missiles
 s - 20 poisoned darts (quivered)
 y - a curare-tipped dart
 A - 156 arrows
Armour
 k - the +2 leather armour of the Lonely Lies (worn) {Will+ Dex+3}
   (You found it on level 2 of the Dungeon)

   Dex:       It affects your dexterity (+3).
   Will:      It increases your willpower.
 m - a +2 pair of gloves (worn)
 u - a +0 pair of boots (worn)
 G - a +0 cloak (worn)
 H - a +0 helmet (worn)
Jewellery
 t - a ring of protection from fire
Wands
 I - a wand of polymorph (2)
 J - a wand of paralysis (3)
Scrolls
 h - 2 scrolls of fog {unknown}
 i - 4 scrolls of fear
 j - 4 scrolls of enchant armour
 p - a scroll of magic mapping
 r - 2 scrolls of identify
 v - 4 scrolls of teleportation
 z - 3 scrolls of vulnerability {unknown}
 B - a scroll of holy word {unknown}
 C - a scroll of brand weapon {unknown}
 F - 2 scrolls of enchant weapon {unknown}
Potions
 b - 3 potions of flight {unknown}
 c - 2 potions of brilliance
 d - 4 potions of resistance
 e - 3 potions of degeneration {unknown}
 f - a potion of berserk rage {unknown}
 g - a potion of invisibility
 l - a potion of heal wounds
 o - 3 potions of cancellation {unknown}
 q - 2 potions of curing {unknown}
 w - 2 potions of mutation
 x - a potion of might {unknown}
 D - a potion of haste {unknown}
 E - a potion of lignification {unknown}


   Skills:
 * Level 7.6 Short Blades
 - Level 8.0 Dodging
 - Level 2.4 Stealth
 - Level 14.0 Spellcasting
 * Level 12.5 Conjurations
 - Level 2.0 Hexes
 - Level 2.0 Translocations
 + Level 1.4 Fire Magic


You had 17 spell levels left.
You knew the following spells:

 Your Spells              Type           Power      Damage    Failure   Level
a - Magic Dart            Conj           100%       1d8       1%          1
b - Searing Ray           Conj           100%       2d8       1%          2
c - Fulminant Prism       Conj/Hex       28%        3d14      2%          4
d - Iskenderun's Mystic   Conj/Tloc      57%        2d12      2%          4
e - Iskenderun's Battles  Conj           74%        2d12      1%          5
f - Fireball              Conj/Fire      28%        3d12      8%          5

Your spell library contained the following spells:

 Spells                   Type           Power      Damage    Failure   Level
 Dazzling Flash           Conj/Hex       100%       N/A       1%          3
 Hailstorm                Conj/Ice       53%        3d12      3%          4
 Gell's Gravitas          Tloc           30%        N/A       6%          3
 Lesser Beckoning         Tloc           30%        N/A       6%          3
 Teleport Other           Tloc           30%        N/A       6%          3
 Cause Fear               Hex            15%        N/A       21%         4
 Orb of Destruction       Conj           37%        9d11      22%         7
 Animate Dead             Necr           9%         N/A       43%         4
 Ice Form                 Ice/Tmut       19%        N/A       43%         4
 Conjure Ball Lightning   Conj/Air       26%        3x3d7     50%         6
 Borgnjor's Vile Clutch   Necr/Erth      9%         N/A       78%         5
 Death Channel            Necr           9%         N/A       100%        6
 Simulacrum               Ice/Necr       9%         N/A       100%        6
 Dragon Form              Tmut           9%         N/A       100%        7
 Chain Lightning          Conj/Air       26%        3d35      100%        9
 Dragon's Call            Summ           9%         N/A       100%        9
 Fire Storm               Conj/Fire      28%        8d7       100%        9
 Shatter                  Erth           9%         3d11*     100%        9


Dungeon Overview and Level Annotations

Branches:
Dungeon (12/15)            Temple (1/1) D:5            Lair (0/6) D:9
    Orc (0/2) D:11          Sewer (visited)          Bailey (visited)

Altars:
Ashenzari
Cheibriados
Dithmenos
Elyvilon
Fedhas
Gozag
Hepliaklqana
Kikubaaqudgha
Makhleb
Nemelex Xobeh
Okawaru
Qazlal
Ru
Sif Muna
Trog
Uskayaw
Vehumet
Wu Jian
Xom
Yredelemnul
Zin
The Shining One

Shops:
D:4 *   D:8 *   D:10 :

Annotations:
D:7 1 runed translucent door, trickyswaf's ghost, novice GrFE


Innate Abilities, Weirdness & Mutations

You have large cloven feet.
You are agile. (Dex +2)
Your flesh is cold resistant. (rC+)
You expend magic power (3 MP) to strengthen your wands.


Message History

Press: ? - help, Q - select action, (/) - cycle Shift-Dir - straight line, f - cyclops
Aim: a cyclops, quivering large rocks (86% to hit)
Okay, then.
Casting: Iskenderun's Mystic Blast (dangerous; 2% risk of failure)
Confirm with . or Enter, or press ? or * to list all spells.
The spell is quite dangerous to miscast (9% risk of failure)!
Continue anyway?
Aiming: Fireball (quite dangerous; 9% risk of failure)
Press: ? - help, Shift-Dir - straight line, f - cyclops
Aim: a cyclops, quivering large rocks The fireball explodes!
The fireball engulfs the cyclops!!
The cyclops is moderately wounded.
Unknown command.
Casting: Fireball (quite dangerous; 9% risk of failure)
Confirm with . or Enter, or press ? or * to list all spells.
The spell is quite dangerous to miscast (9% risk of failure)!
Continue anyway?
Aiming: Fireball (quite dangerous; 9% risk of failure)
Press: ? - help, Shift-Dir - straight line, f/p - cyclops
Aim: a cyclops, quivering large rocks (moderately wounded)
The fireball explodes!
The fireball engulfs the cyclops!!
You kill the cyclops!
A centaur warrior comes into view.
Unknown command.
The centaur warrior shouts!
The centaur warrior wields a +0 shortbow.
The centaur warrior shoots an arrow.
The arrow hits you!
The centaur warrior shoots an arrow.
The arrow hits you!!
The centaur warrior shoots an arrow.
The arrow hits you!
* * * LOW HITPOINT WARNING * * *
You open the door.
The centaur warrior shoots an arrow.
The arrow hits you!
* * * LOW HITPOINT WARNING * * *
Found 14 gold pieces.
Blink to where?
Press: ? - help, Dir - move target
As you read the scroll of blinking, it crumbles to dust.
There is an open door here.
You close the door.
There is an open door here.
The centaur warrior shoots an arrow.
The arrow hits you!
You die...
Your body crumbles into a pile of gold.

############........##'########..
.......# #........#....#....'..
.......# #........'....#....#..
.......# #........#....#....#..
.......# #[.......#....'....#..
.......# #........#....#....#..
.......# #........#....#....#..
.......# #........#....#....#..
#####.## #....@...#+#####..##..
....#.#########'#........########
....#...........#........#....#
....+...........#........#....#
....#....c......#........'....#
....####'####+###........#....#
...................#######...####
...................#....##...###.
...................#>............


You could see a centaur warrior.

Vanquished Creatures
  Harold (D:8)
  A centaur warrior (D:10)
  2 two-headed ogres
  3 cyclopes
  A manticore (D:11)
  A komodo dragon (D:12)
  A troll (D:12)
  3 spriggans (Bailey)
  A wyvern (D:8)
  A shadow (D:5)
  A vampire (D:11)
  4 yaks (D:11)
  3 steam dragons
  2 acid dragons (D:10)
  Edmund (D:6)
  A water moccasin (D:8)
  2 ice beasts
  3 orc warriors
  4 sky beasts
  2 centaurs (D:9)
  9 ogres
  2 phantoms (D:6)
  2 kobold brigands (D:10)
  4 bullfrogs
  2 gnoll sergeants
  2 scorpions
  A wyvern skeleton (D:7)
  2 water moccasin skeletons
  3 killer bees (D:11)
  3 howler monkeys
  12 wights
  A gnoll shaman (D:6)
  4 centaur zombies
  6 hounds
  7 orc priests
  Crazy Yiuf (D:6)
  A bullfrog skeleton (D:5)
  A centaur skeleton (D:6)
  4 iguanas
  8 orc wizards
  2 killer bee zombies
  A hound zombie (D:5)
  12 gnolls
  13 adders
  2 shadow imps
  2 white imps (D:6)
  2 ufetubi
  An adder skeleton (D:4)
  An adder zombie (D:5)
  A dart slug (D:1)
  31 orcs
  17 ball pythons
  2 bats
  17 endoplasms
  12 giant cockroaches
  4 goblins
  6 hobgoblins
  6 jackals
  10 quokkas
  6 frilled lizards
  17 kobolds
  A quokka skeleton (D:4)
  27 rats
306 creatures vanquished.

Vanquished Creatures (others)
  An angel (D:6)
  14 fulminant prisms
  15 plants
30 creatures vanquished.

Grand Total: 336 creatures vanquished

Notes
Turn   | Place    | Note
-------+----------+-------------------------------------------
     0 | D:1      | Zeld the Deep Elf Conjurer began the quest for the Orb.
     0 | D:1      | Reached XP level 1. HP: 10/10 MP: 6/6
    68 | D:1      | Found a faded altar of an unknown god.
   120 | D:1      | Reached skill level 1 in Hexes
   211 | D:1      | Reached XP level 2. HP: 15/15 MP: 6/8
   214 | D:1      | Learned a level 2 spell: Searing Ray
   232 | D:1      | Reached skill level 1 in Translocations
  1272 | D:2      | Reached XP level 3. HP: 19/19 MP: 7/9
  1332 | D:2      | Identified the +2 leather armour of the Lonely Lies {Will+
                  | Dex+3}
  1946 | D:3      | Found a shadowy altar of Dithmenos.
  2157 | D:3      | Reached XP level 4. HP: 20/24 MP: 8/11
  2208 | D:3      | Found a glowing drain.
  2216 | D:3      | Reached skill level 4 in Spellcasting
  2229 | Sewer    | Entered a sewer
  2245 | Sewer    | Learned a level 4 spell: Fulminant Prism
  2250 | Sewer    | Learned a level 4 spell: Iskenderun's Mystic Blast
  2344 | Sewer    | Reached skill level 5 in Conjurations
  2903 | Sewer    | Reached XP level 5. HP: 28/28 MP: 6/13
  3190 | Sewer    | Reached skill level 5 in Spellcasting
  3195 | Sewer    | Reached XP level 6. HP: 18/32 MP: 5/16
  3487 | D:3      | Found a blossoming altar of Fedhas.
  3487 | D:3      | Found an ornate altar of the Wu Jian Council.
  4188 | D:4      | Reached skill level 6 in Spellcasting
  4748 | D:4      | Found Osefifex's Lightly-Used Armoury.
  5106 | D:4      | Reached XP level 7. HP: 26/36 MP: 2/18
  5753 | D:4      | Reached skill level 7 in Spellcasting
  6208 | D:5      | Entered Level 5 of the Dungeon
  6454 | D:5      | Found a staircase to the Ecumenical Temple.
  6460 | Temple   | Entered the Ecumenical Temple
  6471 | Temple   | Gained mutation: You expend magic power (3 MP) to
                  | strengthen your wands. [potion of mutation]
  6471 | Temple   | Gained mutation: Your flesh is cold resistant. (rC+)
                  | [potion of mutation]
  6471 | Temple   | Gained mutation: You have large cloven feet. [potion of
                  | mutation]
  6471 | Temple   | Gained mutation: You are agile. (Dex +2) [potion of
                  | mutation]
  6618 | Temple   | Became a worshipper of Gozag Ym Sagoz the Greedy
  6976 | D:5      | Reached skill level 5 in Dodging
  6976 | D:5      | Reached skill level 8 in Spellcasting
  6976 | D:5      | Reached XP level 8. HP: 41/41 MP: 16/22
  7159 | D:5      | Found a sparkling altar of Nemelex Xobeh.
  7401 | D:5      | Reached skill level 9 in Spellcasting
  8134 | D:6      | Found a shimmering altar of Xom.
  8134 | D:6      | Found a glowing silver altar of Zin.
  8134 | D:6      | Noticed an angel
  8134 | D:6      | Noticed Edmund
  8146 | D:6      | Killed Edmund
  8147 | D:6      | Reached skill level 10 in Spellcasting
  8147 | D:6      | Reached XP level 9. HP: 41/45 MP: 11/25
  8497 | D:6      | Identified the +2 rapier "Roec" {venom, SInv}
  8531 | D:6      | Found a runed translucent door.
  8532 | D:6      | Noticed Crazy Yiuf
  8792 | D:6      | Killed Crazy Yiuf
  8904 | D:6      | Killed an angel
  8992 | D:7      | Reached skill level 1 in Short Blades
 10104 | D:7      | Reached skill level 11 in Spellcasting
 10104 | D:7      | Reached skill level 10 in Conjurations
 10406 | D:7      | Found a runed translucent door.
 10406 | D:7      | Found a shimmering altar of Xom.
 10406 | D:7      | Noticed trickyswaf's ghost (novice GrFE)
 10407 | D:7      | Noticed a +0 falchion of chaos
 10627 | D:8      | Noticed Harold
 10638 | D:8      | Killed Harold
 10817 | D:8      | Bought a sedimented coppery potion for 26 gold pieces
 10817 | D:8      | Bought a scroll labelled POTIJY ZOCIWNI for 29 gold pieces
 10887 | D:8      | Reached XP level 10. HP: 28/50 MP: 22/27
 12385 | D:9      | Noticed a skeletal warrior
 12394 | D:9      | Noticed a skeletal warrior
 12397 | D:9      | Noticed a skeletal warrior
 12399 | D:9      | Noticed a skeletal warrior
 12399 | D:9      | Noticed a skeletal warrior
 12680 | D:9      | You fall into a shaft and drop 3 floors!
 12754 | D:12     | Noticed a seven-headed hydra
 12785 | D:12     | Reached skill level 12 in Spellcasting
 13155 | D:12     | Noticed a two-headed ogre
 13169 | D:11     | Noticed a manticore
 13180 | D:11     | Killed a manticore
 13181 | D:11     | Reached skill level 5 in Short Blades
 13514 | D:11     | Noticed a cyclops
 13618 | D:10     | Entered Level 10 of the Dungeon
 13618 | D:10     | Noticed a centaur warrior
 13623 | D:10     | Killed a centaur warrior
 13675 | D:10     | Found Huojihy's Book Shoppe.
 13698 | D:10     | Noticed a two-headed ogre
 13701 | D:10     | Found a snail-covered altar of Cheibriados.
 13731 | D:10     | Found a flagged portal.
 13746 | Bailey   | Entered a bailey
 13797 | Bailey   | Reached skill level 13 in Spellcasting
 14165 | Bailey   | Noticed a two-headed ogre
 14176 | Bailey   | Killed a two-headed ogre
 14177 | Bailey   | Reached XP level 11. HP: 54/54 MP: 8/30
 15682 | D:9      | Learned a level 5 spell: Iskenderun's Battlesphere
 15688 | D:9      | Learned a level 5 spell: Fireball
 16201 | D:9      | Found a staircase to the Lair.
 17098 | D:10     | Killed a two-headed ogre
 17537 | D:10     | Bought a book of Annihilations for 900 gold pieces
 17961 | D:11     | Found a staircase to the Orcish Mines.
 18117 | D:11     | Reached skill level 14 in Spellcasting
 18117 | D:11     | Reached skill level 1 in Fire Magic
 18636 | D:12     | Noticed a centaur warrior
 18656 | D:12     | Shot with an arrow by a centaur warrior

Illustrated notes

Levels and vault maps discovered:
D:1:      minmay_arrival_shattered_statue, layout_basic,
          chequers_ecumenical_altar_island
D:2:      layout_basic
D:3:      layout_basic, gammafunk_temple_overflow_elements,
          nicolae_dithmenos_the_darkroom, portal_sewer_entry_b, serial_forest,
          infiniplex_forest_clump_curved, infiniplex_forest_clump_small,
          infiniplex_forest_lined_corner, infiniplex_forest_clump_diagonal,
          infiniplex_forest_straight_4, minmay_rat_hole
D:4:      layout_gridville, minmay_shop_damaged, nicolae_grassy_gnolls
D:5:      cheibrodos_barr_body, layout_rooms, nemelex_spade_bored_becter,
          minmay_temple_entry_arrows
D:6:      layout_rooms, grunt_temple_overflow_order_and_chaos_1, corexii_shack,
          serial_park_tiny_1, uniq_edmund, uniq_crazy_yiuf_cottage
D:7:      layout_loops_ring, ebering_ghost_xom, grunt_decor_arrowhead
D:8:      layout_basic, serial_curves, eino_curves_01, eino_curves_01,
          uniq_harold
D:9:      layout_basic, lair_entry_dummy
D:10:     layout_loops_cross, old_standard_altar, serial_shops,
          kennysheep_little_box, enter_bailey_2
D:11:     layout_cave_pools, orc_0_dummy
D:12:     layout_gridville
Temple:   regret_index_temple_generic_petals

Skill      XL: |  1  2  3  4  5  6  7  8  9 10 11 |
---------------+----------------------------------+-----
Hexes          | 1 2 |  2.0
Translocations | 1 2 |  2.0
Spellcasting   | 4 5 6 8 10 11 13 14 | 14.0
Conjurations   | 5 6 7 9 10 11 12 | 12.5
Dodging        | 3 4 5 6 7 8 |  8.0
Short Blades   | 4 6 7 |  7.6
Fire Magic     | 1 |  1.4
Stealth        | |  2.4

Action                   |  1- 3 |  4- 6 |  7- 9 | 10-12 || total
-------------------------+-------+-------+-------+-------++-------
Melee: Unarmed           |    33 |     6 |    12 |       ||    51
       Punch             |       |     1 |     1 |     2 ||     4
       Rapier            |       |       |    64 |    82 ||   146
 Cast: Magic Dart        |    54 |   144 |    21 |    10 ||   229
       Searing Ray       |     3 |    14 |    61 |    11 ||    89
       Iskenderun's Myst |       |     2 |    17 |    82 ||   101
       Fulminant Prism   |       |       |     5 |     9 ||    14
       Fireball          |       |       |       |    14 ||    14
       Iskenderun's Batt |       |       |       |     1 ||     1
Invok: Call Merchant     |       |       |     1 |       ||     1
  Use: Potion            |       |       |     5 |       ||     5
       Scroll            |       |       |       |    11 ||    11
 Stab: Distracted        |       |       |     1 |       ||     1
       Sleeping          |       |       |     1 |       ||     1
Armor: Robe              |     2 |       |       |       ||     2
       Leather armour    |    15 |    20 |    78 |    61 ||   174
Dodge: Dodged            |    32 |    40 |   114 |   105 ||   291
